 Dungeon Crawl Stone Soup version 0.18.1-8-gdd0e5ea (webtiles) character file.

133 Raiden350 the Poker (level 4, -7/41 HPs)
             Began as a Minotaur Berserker on May 22, 2016.
             Was a Believer of Trog.
             Mangled by a gnoll
             ... wielding a +0 halberd
              (10 damage)
             ... on level 3 of the Dungeon.
             The game lasted 00:13:49 (1840 turns).

Raiden350 the Poker (Minotaur Berserker)            Turns: 1840, Time: 00:13:49

Health: -7/41      AC:  7    Str: 22    XL:     4   Next: 93%
Magic:  0/3        EV: 10    Int:  4    God:    Trog [**....]
Gold:   131        SH:  0    Dex: 10    Spells: 0 memorised, 3 levels left

rFire  . . .     SeeInvis .     a - +1 spear
rCold  . . .     Gourm    .     m - +0 scale mail
rNeg   . . .     Faith    .     (no shield)
rPois  .         Spirit   +     (helmet restricted)
rElec  .         Dismiss  .     (no cloak)
rCorr  .         Reflect  .     (no gloves)
SustAt .         Harm     .     (no boots)
MR     .....                    f - amulet of guardian spirit
Stlth  ..........               (no ring)
                                (no ring)

@: exhausted, slowed, very slow, not resistant to hostile enchantments,
extremely unstealthy
A: retaliatory headbutt, horns 2
a: Berserk, Trog's Hand, Burn Spellbooks, Renounce Religion


You were on level 3 of the Dungeon.
You worshipped Trog.
Trog was pleased with you.
You were not hungry.

You visited 1 branch of the dungeon, and saw 3 of its levels.

You collected 131 gold pieces.

Inventory:

Hand Weapons
 a - a +1 spear (weapon)
Armour
 b - a +0 animal skin
 g - a +0 pair of gloves
 m - a +0 scale mail (worn)
Jewellery
 f - an amulet of guardian spirit (around neck)
Scrolls
 d - a scroll of identify
Comestibles
 c - 4 bread rations
 i - 6 fruits


   Skills:
 + Level 4.6 Fighting
 + Level 5.1 Polearms
 + Level 3.7 Armour
 + Level 2.6 Dodging


You had 3 spell levels left.
You didn't know any spells.

Dungeon Overview and Level Annotations

Branches:
Dungeon (3/15)

Altars:
Gozag


Innate Abilities, Weirdness & Mutations

You reflexively headbutt those who attack you in melee.
You have a pair of horns on your head.


Message History

The gnoll hits you from afar with a halberd!
* * * LOW HITPOINT WARNING * * *
Found 19 stones.
You see here a rat corpse.
Attack whom?
Press: ? - help, Dir - move target cursor, f/p - gnoll
Aim: a gnoll, wielding a spear (severely wounded)
You reach to attack!
You hit the gnoll but do no damage.
The gnoll is severely wounded.
The gnoll hits you from afar with a spear.
* * * LOW HITPOINT WARNING * * *
The gnoll barely misses you.
Attack whom?
Press: ? - help, Dir - move target cursor, f/p - gnoll
Aim: a gnoll, wielding a spear (severely wounded)
You reach to attack!
You hit the gnoll.
You kill the gnoll!
Trog accepts your kill.
The gnoll hits you from afar with a halberd!
You die...

.. #......# ..#
....$.# ....#.....#
..#..?..#
.......####
#........ #.g...#
#.))..##.###
####.###)))@.......
#......<.#..##.....
.........#........(
.........#.##.....#
.#.......#.. #....
#......!... #..#
#.......#... ##.
#.......#...
####....# .


You could see a gnoll.

Vanquished Creatures
  Terence (D:2)
  5 gnolls (D:3)
  An adder (D:2)
  An ooze (D:2)
  2 giant geckos
  3 ball pythons
  4 giant cockroaches
  6 goblins
  3 hobgoblins
  4 jackals (D:2)
  3 bats
  3 giant newts
  5 kobolds
  5 rats
46 creatures vanquished.

Notes
Turn   | Place    | Note
--------------------------------------------------------------
     0 | D:1      | Raiden350 the Minotaur Berserker began the quest for the Orb.
     0 | D:1      | Reached XP level 1. HP: 19/19 MP: 0/0
   230 | D:1      | Reached XP level 2. HP: 27/27 MP: 1/1
   579 | D:1      | Reached skill level 4 in Polearms
  1007 | D:2      | Reached ** piety under Trog
  1181 | D:2      | Noticed Terence
  1189 | D:2      | Killed Terence
  1189 | D:2      | Reached XP level 3. HP: 33/33 MP: 2/2
  1419 | D:2      | Reached XP level 4. HP: 41/41 MP: 3/3
  1685 | D:2      | Found an opulent altar of Gozag.
  1826 | D:3      | Reached skill level 5 in Polearms
  1840 | D:3      | Mangled by a gnoll

Skill      XL: |  1  2  3  4 |
---------------+-------------+-----
Fighting       | 4 |  4.6
Polearms       | 4 5 |  5.1
Armour         | 3 |  3.7
Dodging        | |  2.6

Action                   |  1- 3 |  4- 6 || total
-------------------------+-------+-------++-------
Melee: Spear             |    82 |    41 ||   123
       Headbutt          |    10 |     1 ||    11
Invok: Berserk           |     1 |     2 ||     3
  Use: Scroll            |     5 |     1 ||     6
       Potion            |     1 |     1 ||     2
  Eat: Beef jerky        |     1 |       ||     1
       Fruit             |     1 |       ||     1
       Bread ration      |       |     1 ||     1
Armor: Plate armour      |    30 |     4 ||    34
       Animal skin       |     1 |       ||     1
       Scale mail        |       |     6 ||     6
Dodge: Dodged            |    28 |    14 ||    42
